 Dungeon Sprint DCSS version 0.30-a0-469-g84de5afbc5 (webtiles) character file.

Game seed: 1894232189232383304

10000000 NinjaNoafa the Intangible (level 20, -50/118 HPs)
             Began as a Felid Chaos Knight on Dec 19, 2022.
             Was a Favourite Plaything of Xom.
             Killed from afar by an observer (67 damage)
             ... with a fireball
             ... in the Dungeon (Sprint VIII: "Arena of Blood").
             The game lasted 00:02:23 (100 turns).

NinjaNoafa the Intangible (Felid Chaos Knight)       Turns: 100, Time: 00:02:23

Health: -50/118    AC:  3    Str:  8    XL:     20   Next: 58%
Magic:  52/52      EV: 47    Int: 16    God:    Xom [..*...]
Gold:   0          SH:  0    Dex: 24    Spells: 73/73 levels left
                                        Lives:  0   Deaths: 6

rFire   . . .      SeeInvis +      - Unarmed
rCold   + . .      Faith    .    (shield unavailable)
rNeg    . . .      Spirit   .    (body armour unavailable)
rPois   .          Reflect  .    (helmet unavailable)
rElec   .          Harm     .    (cloak unavailable)
rCorr   .          Rampage  .    (gloves unavailable)
Will    +++..      NoTele   +    (boots unavailable)
Stlth   ++++++++++               (no amulet)
HPRegen 0.39/turn                h - +27000 ring of slaying
MPRegen 0.33/turn                i - +30 ring of slaying

@: quick
A: very small, claws 1, fangs 3, see invisible, speed 1, shaggy fur 3, stealthy
paws, no weapons or thrown items, no armour, multi-lived
a: Renounce Religion


You were in the Dungeon.
You worshipped Xom.
You were a toy of Xom.
You visited 1 branch

Inventory:

Jewellery
 h - a +27000 ring of slaying (left paw)
 i - a +30 ring of slaying (right paw)
Potions
 b - a potion of curing
 d - a potion of haste
 e - 2 potions of magic
 f - a potion of berserk rage
Miscellaneous
 a - a piece from Xom's chessboard (15/15) (quivered)


   Skills:
 O Level 27 Fighting
 O Level 27 Dodging
 O Level 27 Stealth
 O Level 27 Unarmed Combat
 O Level 27 Spellcasting
 + Level 25.3 Conjurations
 O Level 27 Hexes
 O Level 27 Summonings
 O Level 27 Necromancy
 O Level 27 Translocations
 O Level 27 Transmutations
 + Level 25.4 Fire Magic
 + Level 25.3 Ice Magic
 + Level 25.4 Air Magic
 + Level 25.3 Earth Magic
 + Level 25.3 Poison Magic
 O Level 27 Invocations
 O Level 27 Evocations


You had 73 spell levels left.
You didn't know any spells.
Your spell library was empty.

Dungeon Overview and Level Annotations

Branches:
Dungeon (1/1)

Altars:
Makhleb


Innate Abilities, Weirdness & Mutations

You have sharp claws.
You have razor-sharp teeth.
You have supernaturally acute eyesight. (SInv)
You cover ground quickly. (Speed+)
Your thick and shaggy fur keeps you warm. (AC +3, rC+)
Your paws help you pounce on unaware monsters.
You are incapable of wielding weapons or throwing items.
You cannot wear armour.
You gain extra lives every three experience levels.


Message History

You have mastered Summonings!
You have mastered Necromancy!
Your Fire Magic skill increases to level 25!
Your Ice Magic skill increases to level 25!
Your Air Magic skill increases to level 25!
Your Earth Magic skill increases to level 25!
Your Poison Magic skill increases to level 25! 2 bags of meat, a sculptor of flesh, an accursed, an observer and a tyrant come into view.
The bag of meat shouts!
You hear a shout! x9
The accursed gestures at you while chanting.
Something smites you!
You hear a shout! x3
The bag of meat moves out of view.
The sculptor of flesh moves out of view.
The accursed moves out of view.
You hear a shout! x5
The tyrant waves its bony arms in wide circles.
The air twists around and strikes you!!!
Ouch! That really hurt!
You hear a shout!
The meat berserker rages.
The accursed casts a spell at you. Something smites you!
* * * LOW HITPOINT WARNING * * *
You hear a shout! x10
The tyrant shouts!
You eviscerate the bag of meat!!!!!!!!!
You kill the bag of meat!
You hear a shout! x2
The accursed casts a spell at you. Something smites you!
* * * LOW HITPOINT WARNING * * *
You hear a shout! x3
The observer appears out of thin air!
An observer comes into view.
You hear a shout!
The observer gazes at you.
The fireball explodes!
The fireball engulfs you!!!
Ouch! That really hurt!
You die...
Xom thinks this is hilarious!

#.)...#......#.#.#.
))._.................L..
..###.........#.#.#..#..
.......###..........#...
.......#....W........#..
.......#....O.......#...
o........o)oo.......G...
.)L.....OO)#)..#......#
..)...O.oo# oDo#@..G.#
)....DoO##. Oo.#)....#
....)..#... .o#.oo.##...
....)†)#...###o...#o. .
#..D.ooooz..OOX.#X..M.
...X2L..2z2zoMoL.......#
.#....O####o†o.X.... ###
.z.§X.oo2#VoX....####
..)))..zL2†).X####


You could see 2 accurseds, a tentacled monstrosity (summoned), 2 tyrants, a
destroyer, 2 observers, 3 large abominations, a meat berserker (berserk) and 9
bags of meat.

Vanquished Creatures
  2 hell beasts (D)
  3 royal mummies (D)
  5 vampire knights (D)
  17 ogres (D)
  3 two-headed ogres (D)
  31 orcs (D)
  6 skeletal warriors (D)
67 creatures vanquished.

Notes
Turn   | Place    | Note
-------+----------+-------------------------------------------
     0 | D        | NinjaNoafa the Felid Chaos Knight began the quest for the
                  | Orb.
     0 | D        | Reached XP level 1. HP: 10/10 MP: 2/2
     1 | D        | Noticed a meat berserker
     2 | D        | Noticed a meat berserker
     2 | D        | Noticed a bag of meat
     7 | D        | Killed a meat berserker
     7 | D        | XOM: potion effect (brilliance)
     8 | D        | Reached XP level 2. HP: 28/28 MP: 3/3
     8 | D        | Reached XP level 3. HP: 31/31 MP: 4/4
     8 | D        | Reached XP level 4. HP: 36/36 MP: 5/5
     8 | D        | Reached XP level 5. HP: 40/40 MP: 6/6
     8 | D        | Gained mutation: You are covered in thick fur. (AC +2)
                  | [Felid growth]
     8 | D        | Reached XP level 6. HP: 44/44 MP: 7/7
     8 | D        | Reached XP level 7. HP: 48/48 MP: 8/8
     8 | D        | Reached XP level 8. HP: 52/52 MP: 9/9
     8 | D        | Reached XP level 9. HP: 56/56 MP: 10/10
     8 | D        | Reached XP level 10. HP: 60/60 MP: 11/11
     8 | D        | Reached XP level 11. HP: 64/64 MP: 12/12
     8 | D        | Killed a meat berserker
     9 | D        | Gained mutation: Your thick and shaggy fur keeps you warm.
                  | (AC +3, rC+) [Felid growth]
     9 | D        | Reached XP level 12. HP: 72/72 MP: 13/13
     9 | D        | Reached XP level 13. HP: 76/76 MP: 14/14
     9 | D        | Noticed a meat berserker
    10 | D        | Noticed a bag of meat
    11 | D        | Killed a bag of meat
    12 | D        | Noticed a bag of meat
    12 | D        | Killed a meat berserker
    13 | D        | Reached skill level 27 in Dodging
    13 | D        | Reached XP level 14. HP: 84/84 MP: 15/15
    13 | D        | Noticed a meat berserker
    13 | D        | Noticed a bag of meat
    14 | D        | Noticed a bag of meat
    15 | D        | Killed a bag of meat
    15 | D        | XOM: silly message
    15 | D        | Noticed a bag of meat
    16 | D        | Killed a bag of meat
    16 | D        | Noticed a meat berserker
    16 | D        | Noticed a bag of meat
    17 | D        | Killed a meat berserker
    17 | D        | XOM: divination: magic mapping
    17 | D        | Noticed a meat berserker
    18 | D        | Reached XP level 15. HP: 91/91 MP: 16/16
    18 | D        | Noticed a meat berserker
    20 | D        | Killed a meat berserker
    20 | D        | Noticed a large bag of meat
    21 | D        | Noticed a large bag of meat
    22 | D        | Killed a meat berserker
    23 | D        | Reached skill level 27 in Fighting
    23 | D        | Reached skill level 27 in Unarmed Combat
    23 | D        | Reached XP level 16. HP: 100/100 MP: 17/17
    24 | D        | Noticed a destroyer
    25 | D        | Noticed a meat berserker
    25 | D        | Noticed a meat berserker
    26 | D        | Noticed a destroyer
    27 | D        | Reached skill level 27 in Evocations
    27 | D        | Reached skill level 1 in Conjurations
    27 | D        | Reached skill level 1 in Fire Magic
    27 | D        | Reached skill level 1 in Ice Magic
    27 | D        | Reached skill level 1 in Air Magic
    27 | D        | Reached skill level 1 in Earth Magic
    27 | D        | Reached skill level 1 in Poison Magic
    27 | D        | Killed a large bag of meat
    27 | D        | Noticed a destroyer
    28 | D        | Mangled by a bag of meat
    29 | D        | Reached XP level 15. HP: -11/95 MP: 17/22
    31 | D        | Noticed a large bag of meat
    34 | D        | Noticed a sculptor of flesh
    34 | D        | Killed a destroyer
    35 | D        | Reached skill level 10 in Stealth
    35 | D        | Reached skill level 5 in Conjurations
    35 | D        | Reached skill level 5 in Fire Magic
    35 | D        | Reached skill level 5 in Ice Magic
    35 | D        | Reached skill level 5 in Air Magic
    35 | D        | Reached skill level 5 in Earth Magic
    35 | D        | Reached XP level 16. HP: 100/100 MP: 22/26
    35 | D        | XOM: butterfly on damage
    36 | D        | Reached skill level 10 in Hexes
    36 | D        | Reached skill level 10 in Translocations
    36 | D        | Noticed a sculptor of flesh
    36 | D        | Noticed a large bag of meat
    38 | D        | Killed a sculptor of flesh
    39 | D        | Noticed a large bag of meat
    41 | D        | Killed a destroyer
    42 | D        | Reached skill level 10 in Transmutations
    42 | D        | Reached XP level 17. HP: 60/104 MP: 23/31
    43 | D        | Killed a large bag of meat
    43 | D        | Killed by an exploding large bag of meat... ignited by
                  | their inner flame
    44 | D        | Reached XP level 16. HP: -6/100 MP: 23/30
    44 | D        | Reached skill level 15 in Stealth
    44 | D        | Reached skill level 10 in Spellcasting
    44 | D        | Reached skill level 10 in Summonings
    44 | D        | Reached skill level 10 in Necromancy
    44 | D        | Reached skill level 10 in Invocations
    44 | D        | Noticed a meat berserker
    44 | D        | Noticed a meat berserker
    44 | D        | Noticed a destroyer
    44 | D        | Noticed a sculptor of flesh
    44 | D        | Killed a large bag of meat
    44 | D        | Noticed a sculptor of flesh
    45 | D        | Reached skill level 10 in Conjurations
    45 | D        | Reached skill level 15 in Hexes
    45 | D        | Reached skill level 15 in Translocations
    45 | D        | Reached skill level 10 in Fire Magic
    45 | D        | Reached skill level 10 in Ice Magic
    45 | D        | Reached skill level 10 in Air Magic
    45 | D        | Reached skill level 10 in Earth Magic
    45 | D        | Reached skill level 10 in Poison Magic
    45 | D        | Noticed a sculptor of flesh
    45 | D        | Noticed a destroyer
    46 | D        | Killed a destroyer
    46 | D        | Noticed a meat berserker
    47 | D        | Reached XP level 17. HP: 44/104 MP: 30/34
    47 | D        | Killed a destroyer
    47 | D        | Noticed a meat berserker
    48 | D        | Killed a meat berserker
    49 | D        | Noticed a meat berserker
    49 | D        | Killed a sculptor of flesh
    50 | D        | Reached skill level 15 in Transmutations
    50 | D        | Killed a meat berserker
    51 | D        | Reached XP level 18. HP: 47/109 MP: 31/37
    51 | D        | Noticed a meat berserker
    51 | D        | Killed a sculptor of flesh
    52 | D        | XOM: cast spell 'Dispersal'
    52 | D        | Noticed an accursed
    53 | D        | Killed a meat berserker
    54 | D        | Reached skill level 15 in Spellcasting
    54 | D        | Reached skill level 15 in Summonings
    54 | D        | Reached skill level 15 in Necromancy
    54 | D        | Reached skill level 15 in Invocations
    55 | D        | Killed a meat berserker
    57 | D        | Noticed a destroyer
    57 | D        | Killed a meat berserker
    57 | D        | Noticed a sculptor of flesh
    58 | D        | Reached skill level 27 in Invocations
    58 | D        | Reached XP level 19. HP: 22/113 MP: 32/39
    58 | D        | Demolished by a meat berserker
    58 | D        | Noticed a meat berserker
    58 | D        | Noticed an eight-headed meat hydra
    59 | D        | Reached XP level 18. HP: -17/109 MP: 32/38
    59 | D        | Noticed an accursed
    59 | D        | Noticed a sculptor of flesh
    60 | D        | Reached skill level 27 in Stealth
    61 | D        | Killed a sculptor of flesh
    62 | D        | Killed an accursed
    64 | D        | Reached skill level 27 in Spellcasting
    64 | D        | Reached XP level 19. HP: 113/113 MP: 39/51
    65 | D        | Noticed a meat beast
    65 | D        | Noticed a meat beast
    65 | D        | Noticed a large bag of meat
    66 | D        | Killed a meat berserker
    67 | D        | Reached skill level 15 in Conjurations
    67 | D        | Reached skill level 15 in Fire Magic
    67 | D        | Reached skill level 15 in Ice Magic
    67 | D        | Reached skill level 15 in Air Magic
    67 | D        | Reached skill level 15 in Earth Magic
    67 | D        | Reached skill level 15 in Poison Magic
    68 | D        | Killed a meat beast
    69 | D        | Reached XP level 20. HP: 54/118 MP: 40/52
    69 | D        | Killed a meat beast
    70 | D        | Reached skill level 27 in Hexes
    70 | D        | Reached skill level 27 in Translocations
    70 | D        | Noticed a meat berserker
    71 | D        | XOM: enchant monster (bad)
    72 | D        | Noticed a dread
    72 | D        | Noticed a meat berserker
    72 | D        | Noticed a meat berserker
    72 | D        | Slain by a bag of meat
    73 | D        | Reached XP level 19. HP: -5/113 MP: 41/51
    73 | D        | Reached XP level 20. HP: 118/118 MP: 52/52
    73 | D        | Noticed a meat berserker
    73 | D        | Noticed a tyrant
    73 | D        | Noticed a meat berserker
    73 | D        | Noticed an eight-headed meat hydra
    74 | D        | Noticed an accursed
    75 | D        | Killed an accursed
    76 | D        | Killed a meat berserker
    76 | D        | XOM: divination: detect items
    76 | D        | Noticed a meat berserker
    77 | D        | Noticed a meat beast
    77 | D        | Noticed an accursed
    78 | D        | Killed a meat berserker
    79 | D        | Killed a meat berserker
    79 | D        | Xom revived you
    79 | D        | Slain by a destroyer
    80 | D        | Reached XP level 19. HP: -2/113 MP: 51/51
    80 | D        | Noticed a meat berserker
    81 | D        | Reached XP level 20. HP: 118/118 MP: 52/52
    86 | D        | XOM: cast spell 'Leda's Liquefaction'
    87 | D        | Killed a meat berserker
    88 | D        | Killed a meat berserker
    90 | D        | Noticed an accursed
    90 | D        | Noticed a meat beast
    90 | D        | Noticed a tyrant
    91 | D        | Reached skill level 27 in Transmutations
    91 | D        | Noticed a destroyer
    91 | D        | Killed an accursed
    92 | D        | Reached XP level 21. HP: 15/122 MP: 53/53
    92 | D        | Noticed a tyrant
    94 | D        | Noticed a meat beast
    95 | D        | XOM: noise
    95 | D        | Noticed a destroyer
    95 | D        | HP: 3/122 [accursed/divine providence (13)]
    96 | D        | Killed a destroyer
    96 | D        | Slain by a destroyer
    97 | D        | Reached XP level 20. HP: -1/118 MP: 52/52
    97 | D        | Reached skill level 27 in Summonings
    97 | D        | Reached skill level 27 in Necromancy
    97 | D        | Noticed an accursed
    97 | D        | Noticed an observer
    97 | D        | Noticed a tyrant
   100 | D        | Killed from afar by an observer

Illustrated notes

Levels and vault maps discovered:
D:        meatsprint

Skill      XL: |  1  2  3  4  5  6  7  8  9 10 11 12 13 14 15 16 17 18 19 20 |
---------------+-------------------------------------------------------------+-----
Fighting       | 17 20 22 24 27 | 27.0
Dodging        | 22 25 27 | 27.0
Unarmed Combat | 17 20 22 25 27 | 27.0
Evocations     | 11 17 24 27 | 27.0
Stealth        | 10 18 21 27 | 27.0
Spellcasting   | 6 12 14 27 | 27.0
Conjurations   | 5 11 13 14 17 25 | 25.3
Hexes          | 9 16 19 21 25 27 | 27.0
Summonings     | 6 12 14 15 23 27 | 27.0
Necromancy     | 6 12 14 15 23 27 | 27.0
Translocations | 9 16 19 21 25 27 | 27.0
Transmutations | 7 13 15 16 25 27 | 27.0
Fire Magic     | 5 11 13 14 17 25 | 25.4
Ice Magic      | 5 11 13 14 17 25 | 25.3
Air Magic      | 5 11 13 14 17 25 | 25.4
Earth Magic    | 5 11 13 14 17 25 | 25.3
Poison Magic   | 6 11 13 14 17 25 | 25.3
Invocations    | 6 12 14 27 | 27.0

Action                   |  1- 3 |  4- 6 |  7- 9 | 10-12 | 13-15 | 16-18 | 19-21 || total
-------------------------+-------+-------+-------+-------+-------+-------+-------++-------
Melee: Unarmed           |     1 |       |       |     1 |     9 |    26 |    30 ||    67
Evoke: Piece from Xom's  |       |       |       |       |     1 |     1 |     1 ||     3
  Use: Scroll            |       |       |       |       |       |     1 |       ||     1
       Potion            |       |       |       |       |       |       |     1 ||     1
Armor: Skin              |       |       |       |       |       |       |     1 ||     1
Dodge: Dodged            |       |       |       |       |     2 |     3 |     7 ||    12

Table legend: (Time is in decaauts)
 A = Elapsed time spent in this place.
 B = Non-inter-level travel time spent in this place.
 C = Inter-level travel time spent in this place.
 D = Time resting spent in this place.
 E = Time spent auto-exploring this place.
 F = Levels seen in this place.
 G = Mean time per level.
                   A        B        C        D        E       F      G
               +--------+--------+--------+--------+--------+-----+--------+
         Total |     66 |     66 |      0 |      0 |      0 |   1 |   66.0 |
       Dungeon |     66 |     66 |      0 |      0 |      0 |   1 |   66.0 |
               +--------+--------+--------+--------+--------+-----+--------+

Top non-repeatable levels by time:
       D: 66 daAuts
